cohdb
Replays
Latest Replays
All Replays
Popular Replays
Top Player Replays
Match Explorer
How It Works
Community
CoH3 Stats
Reddit
Sign in to upload your games and track your stats! →
Sign in with Steam
Match 26419312
Unlisted
Match 26419312
Overview
Messages
Build Orders
End
Construct Barracks
Riflemen Squad
1⁄4-ton 4x4 Truck
Riflemen Squad
Infantry Support Center
Riflemen Squad
Selects Special Operations Battlegroup
Selects Smoke Screen
Smoke Screen
M1918 Browning Automatic Rifles
Grenade Package
Riflemen Squad
Munitions Surplus
Smoke Screen
Selects SSF Commando Squad
SSF Commando Squad
Smoke Screen
SSF Commando Squad
Advanced Logistics
Smoke Screen
Survival Training
Demolitions Package
Selects M29 Weasel with M1 Pack Howitzer
Construct Tank Depot
Selects P-47 Anti-Infantry Loiter
Selects UNKNOWN (2162291)
P-47 Anti-Infantry Loiter
M4A1 Sherman Whizbang
Construct Weapon Support Center
ConcernedApe
呆雁飞了
Steyrc
Anyyyxc
0
0
Comments
sign in to comment!
No comments posted yet!